 Dungeon Crawl Stone Soup version 0.18.1-47-g9310371 (webtiles) character file.

381385 dvd the Executioner (level 22, -2/217 HPs)
             Began as a Hill Orc Gladiator on June 10, 2016.
             Was the Champion of Beogh.
             Slain by a ghoul (6 damage)
             ... on level 2 of the Crypt on June 15, 2016.
             The game lasted 05:57:35 (59450 turns).

dvd the Executioner (Hill Orc Gladiator)           Turns: 59450, Time: 05:57:36

Health: -2/217     AC: 27    Str: 30      XL:     22   Next: 89%
Magic:  40/40      EV: 20    Int: 14 (18) God:    Beogh [******]
Gold:   3185       SH:  2    Dex: 28      Spells: 1 memorised, 18 levels left

rFire  + + .     SeeInvis +     a - +7 battleaxe of the Abyss {drain, rElec MR+ Dex+4}
rCold  + + .     Gourm    .     G - +1 chain mail of Tyblipeg {Str+2 Dex+6}
rNeg   + + +     Faith    .     (shield currently unavailable)
rPois  +         Spirit   .     S - -2 hat of the Alchemist {rElec rPois rF+ rC+ rN+ MR+ rMut rCorr}
rElec  +         Dismiss  .     r - +4 cloak of Hugocoun {rPois rN+}
rCorr  +         Reflect  +     v - +2 pair of gloves of Gehenna {rF+ rC+ MR-}
rMut   +         Harm     .     E - +1 pair of boots "Ystrokana" {Str+3 Int+5 Dex+4}
SustAt .                        K - +2 amulet of reflection (curse)
MR     +++..                    C - ring "Ytosilat" {*Confuse rN+ MP+9 SInv Stlth+}
Stlth  ++........               Y - ring "Laptom" {MR+ Int+5}

@: extremely resistant to hostile enchantments, unstealthy
A: walk on water, poison resistance, evolution 1
a: Smiting, Recall Orcish Followers, Give Item to Named Follower, Resurrection,
Renounce Religion
}: 2/15 runes: barnacled, gossamer


You were on level 2 of the Crypt.
You worshipped Beogh.
Beogh was exalted by your worship.
You were not hungry.

You visited 9 branches of the dungeon, and saw 43 of its levels.
You also visited: Labyrinth, Ice Cave and Wizlab.

You collected 4707 gold pieces.
You spent 1522 gold pieces at shops.

Inventory:

Hand Weapons
 a - the +7 battleaxe of the Abyss (weapon) {drain, rElec MR+ Dex+4}
   (You bought it in a shop on level 14 of the Dungeon)

   A truly terrible weapon, it drains the life of those it strikes.
   It affects your dexterity (+4).
   It insulates you from electricity.
   It affects your resistance to hostile enchantments.
 b - a +9 eveningstar of holy wrath
 d - a +2 dire flail of crushing
 U - a +2 lajatang of electrocution
Missiles
 s - 15 tomahawks of returning
 X - 15 javelins of penetration (quivered)
Armour
 k - the +1 scale mail of Quavaugg {-Cast rElec rC+ Dex+4}
   (You bought it in a shop on level 4 of the Dungeon)

   It affects your dexterity (+4).
   It protects you from cold.
   It insulates you from electricity.
   It prevents spellcasting.
 r - the +4 cloak of Hugocoun (worn) {rPois rN+}
   (You found it in a wizard's laboratory)

   It protects you from poison.
   It protects you from negative energy.
 v - the +2 pair of gloves of Gehenna (worn) {rF+ rC+ MR-}
   (You found it on level 1 of the Shoals)

   It protects you from fire.
   It protects you from cold.
   It affects your resistance to hostile enchantments.
 B - the +2 cloak of Divine Compulsion {+Fly Str+3}
   (You found it in a wizard's laboratory)

   It affects your strength (+3).
   It lets you fly.
 E - the +1 pair of boots "Ystrokana" (worn) {Str+3 Int+5 Dex+4}
   (You found it on level 12 of the Dungeon)

   It affects your strength (+3).
   It affects your intelligence (+5).
   It affects your dexterity (+4).
 G - the +1 chain mail of Tyblipeg (worn) {Str+2 Dex+6}
   (You found it on level 1 of the Vaults)

   It affects your strength (+2).
   It affects your dexterity (+6).
 J - a +1 shield of reflection
 M - the +3 ring mail of a volcano {Regen+ rCorr Int-3 Dex+4}
   (You found it on level 2 of the Elven Halls)

   It affects your intelligence (-3).
   It affects your dexterity (+4).
   It increases your rate of regeneration.
   It protects you from acid and corrosion.
 S - the -2 hat of the Alchemist (worn) {rElec rPois rF+ rC+ rN+ MR+ rMut rCorr}
   (You found it on level 4 of the Shoals)

   It protects you from fire.
   It protects you from cold.
   It insulates you from electricity.
   It protects you from poison.
   It protects you from negative energy.
   It affects your resistance to hostile enchantments.
   It protects you from acid and corrosion.
   It protects you from mutation.
 V - the +2 cloak of Starlight {rElec rC+ EV+4 Stlth--}
   (You found it in a wizard's laboratory)

   It affects your evasion (+4).
   It protects you from cold.
   It insulates you from electricity.
   It makes you much less stealthy.
Rods
 L - a +4 rod of clouds (14/14)
   (You took it off a siren on level 4 of the Shoals)
Jewellery
 l - a +5 ring of evasion
 t - a +4 ring of dexterity
 C - the ring "Ytosilat" (right hand) {*Confuse rN+ MP+9 SInv Stlth+}
   (You bought it in a shop on level 10 of the Dungeon)

   [ring of magical power]

   It protects you from negative energy.
   It affects your magic capacity (+9).
   It lets you see invisible.
   It may confuse you when you take damage.
   It makes you more stealthy.
 K - a cursed +2 amulet of reflection (around neck)
 O - a +3 ring of slaying
 Y - the ring "Laptom" (left hand) {MR+ Int+5}
   (You found it in a wizard's laboratory)

   [ring of protection from magic]

   It affects your intelligence (+5).
   It affects your resistance to hostile enchantments.
Wands
 m - a wand of acid (4/15)
 p - a wand of disintegration (8/24)
 y - a wand of teleportation (7/9)
 A - a wand of iceblast (7/15)
 D - a wand of lightning (11/15)
 R - a wand of digging (11/24)
Scrolls
 e - 7 scrolls of blinking
 i - 7 scrolls of remove curse
 o - 17 scrolls of identify
 u - 2 scrolls of fear
 F - a scroll of magic mapping
 H - 12 scrolls of recharging
 N - 15 scrolls of teleportation
Potions
 c - 7 potions of haste
 h - 3 potions of agility
 j - 10 potions of curing
 q - 3 potions of brilliance
 z - 7 potions of resistance
 I - 3 potions of ambrosia
 P - 2 potions of magic
 Q - a potion of cure mutation
 T - 2 potions of heal wounds
 W - 4 potions of might
Comestibles
 f - 28 bread rations
 g - 15 meat rations
 n - 19 royal jellies
 x - 27 fruits


   Skills:
 + Level 22.8 Fighting
 - Level 26.4(27) Axes
 + Level 10.2(18.0) Maces & Flails
 + Level 7.3 Throwing
 + Level 16.2 Armour
 + Level 10.7 Dodging
 - Level 8.0 Stealth
 + Level 6.0 Shields
 * Level 12.0 Invocations
 + Level 3.3 Evocations


You had 18 spell levels left.
You knew the following spells:

 Your Spells              Type           Power        Failure   Level  Hunger
a - Regeneration          Chrm/Necr      #.........   100%        3    ####...


Dungeon Overview and Level Annotations

Branches:
Dungeon (14/15)            Temple (1/1) D:4            Lair (8/8) D:8
 Shoals (4/4) Lair:5       Spider (4/4) Lair:5        Slime (0/6) Lair:6
    Orc (2/2) D:11            Elf (3/3) Orc:2        Vaults (4/5) D:13
  Crypt (3/3) Vaults:3
   Tomb: Crypt:3

Altars:
Ashenzari
Cheibriados
Dithmenos
Elyvilon
Fedhas
Gozag
Kikubaaqudgha
Makhleb
Nemelex Xobeh
Okawaru
Pakellas
Qazlal
Ru
Sif Muna
Trog
Vehumet
Xom
Yredelemnul
Zin
The Shining One
Beogh
Jiyva

Shops:
D:4 [   D:5 *?(%[   D:6 *   D:8 [   D:10 =   D:14 ?(?[   Orc:2 [}[%%(?
Elf:2 %   Vaults:1 %   Vaults:2 =   Vaults:3 *

Portals:
Hell: Lair:8

Annotations:
Crypt:1 exclusion: orc high priest
Crypt:3 Khufu


Innate Abilities, Weirdness & Mutations

You can walk on water.
Your system is resistant to poisons.
You evolve.


Message History

You cut the jiangshi into ribbons!!!
You destroy the jiangshi!
Beogh accepts your kill.
Beogh blesses Ognian with healing.
The jiangshi closely misses you.
The jiangshi claws you but does no damage.
The ghoul claws you!!
* * * LOW HITPOINT WARNING * * *
The ghoul misses you.
The jiangshi claws you but does no damage.
The jiangshi claws you!
* * * LOW HITPOINT WARNING * * *
You slash the ghoul!
The ghoul is severely damaged.
You closely miss the jiangshi.
The jiangshi is moderately damaged.
Ognian hits the jiangshi from afar with a +3 demon trident of draining!
The jiangshi closely misses you. The jiangshi claws you!
* * * LOW HITPOINT WARNING * * *
The ghoul claws you but does no damage. The ghoul claws you.
You die...

.......................o#########
........................#
........................#
........................#
........................#
........................#
......[.......V.........#
...............n........#########
...............V@oo..............
.#.....#........#o...............
.#######.#......#.....)........##
.....o...#......#..............#
.........#......#>........ooo..#
.........########..###########.#
...................# #.#
...##########......# #.# ...#
#......# #.#


You could see a ghoul, a jiangshi, a vampire mage, the friendly Nordag the orc
warlord, the friendly Ognian the orc knight and the friendly Orkrul the orc high
priest.

Vanquished Creatures
  Mara (Shoals:3)
  Mennas (Crypt:1)
  2 greater mummies (Crypt:3)
  Nikola (Elf:3)
  Jorgrun (Vaults:1)
  A deep elf blademaster (Elf:3)
  A kraken (Shoals:1)
  A deep elf master archer (Elf:3)
  An eldritch tentacle (WizLab)
  A revenant (Crypt:1)
  Roxanne (Shoals:1)
  3 fire giants
  Donald (Elf:1)
  4 ghost moths (Spider:4)
  The ghost of Liquid the Markself, an adept HEHu of Fedhas (Spider:3)
  3 ghouls
  4 deep elf sorcerers
  Maud (D:11)
  2 emperor scorpions
  4 vault wardens
  Louise (Shoals:3)
  5 ironheart preservers
  2 deep elf elementalists (Elf:3)
  4 stone giants
  3 vampire knights
  A starcursed mass (WizLab)
  6 very ugly things
  6 deep elf demonologists (Elf:3)
  2 salamander stormcallers
  4 deep elf annihilators
  A spark wasp (Spider:4)
  A purple draconian (WizLab)
  The ghost of junkhipster the Blocker, a journeyman DDFi of the Shining One (Orc:2)
  8 deep elf death magi
  2 merfolk javelineers
  An eidolon (Crypt:2)
  2 blizzard demons (IceCv)
  A minotaur (Lab)
  2 great orbs of eyes
  An ettin (Vaults:3)
  5 merfolk impalers
  2 vault guards
  2 deep elf high priests (Elf:3)
  7 yaktaur captains
  4 jiangshi
  5 ogre magi
  4 hydras
  A rakshasa (Vaults:1)
  Harold (D:11)
  A catoblepas (D:13)
  4 centaur warriors
  2 merfolk avatars
  A merfolk aquamancer (Shoals:4)
  4 satyrs
  2 death knights
  13 dancing weapons
  5 death yaks
  An orc high priest (Orc:2)
  A deep troll shaman (Vaults:2)
  A vampire mage (Crypt:1)
  16 deep elf knights
  2 small abominations
  5 soul eaters
  A fire crab (shapeshifter) (Vaults:4)
  A sun demon (Lair:8)
  6 shadow wraiths
  2 unseen horrors (D:14)
  A fire crab (Lair:8)
  8 skeletal warriors
  3 wizards
  9 sea snakes
  4 deep trolls
  An orange crystal statue (D:14)
  2 hill giants (D:13)
  Pikel (D:9)
  4 flayed ghosts
  2 obsidian statues
  16 deep elf archers
  A phantasmal warrior (Crypt:2)
  An orc knight (Vaults:2)
  12 harpies
  10 ironbrand convokers
  5 orb spiders
  5 necromancers
  47 deep elf magi
  A stone giant zombie (Vaults:2)
  20 wolf spiders
  2 worldbinders (WizLab)
  16 ugly things
  3 hornets
  An orc sorcerer (Orc:2)
  17 fauns
  10 griffons
  A sphinx skeleton (Vaults:3)
  3 salamanders (Vaults:3)
  10 manticores
  6 cyclopes
  A sixfirhy (Lair:8)
  6 sirens
  4 stone giant skeletons
  An orange demon (Lair:8)
  8 vault sentinels
  A torpor snail (Lair:8)
  5 water nymphs
  3 black mambas
  Psyche (D:8)
  A centaur zombie (D:13)
  An ice statue (IceCv)
  15 elephants
  A purple draconian zombie (Crypt:3)
  8 spiny frogs
  4 rime drakes
  A kobold demonologist (D:12)
  An efreet (D:13)
  3 komodo dragons
  A purple draconian skeleton (Crypt:2)
  24 yaktaurs
  6 demonic crawlers
  8 freezing wraiths
  A redback zombie (Vaults:2)
  10 ice devils
  A red devil (Lair:8)
  The ghost of CcS the Stinger, a novice GrVM of Vehumet (D:4)
  4 anaconda simulacra (IceCv)
  3 yaktaur skeletons
  6 trolls
  A queen bee (shapeshifter) (Vaults:2)
  26 merfolk
  3 wind drakes
  A polar bear (shapeshifter) (Vaults:2)
  12 slime creatures
  14 jumping spiders
  7 blink frogs
  10 two-headed ogres
  Prince Ribbit (D:5)
  2 bog bodies (Crypt:2)
  4 snapping turtles
  5 large abominations
  5 boulder beetles
  2 air elementals (Elf:2)
  6 flying skulls
  A stone giant simulacrum (Vaults:2)
  22 redbacks
  A spriggan (shapeshifter) (Vaults:3)
  12 tarantellas
  A ynoxinul (WizLab)
  2 dire elephant simulacra (IceCv)
  3 wraiths
  A shadow (Crypt:1)
  16 yaks
  10 hippogriffs
  2 hungry ghosts (D:12)
  8 water elementals
  Eustachio (D:4)
  A basilisk (shapeshifter) (Vaults:3)
  A fire elemental (Elf:1)
  4 vampire mosquitoes
  A basilisk (D:13)
  A chaos spawn (WizLab)
  Menkaure (D:5)
  4 spatial vortices (WizLab)
  2 mottled dragons
  An insubstantial wisp (WizLab)
  A warg (Orc:2)
  2 harpy simulacra (IceCv)
  6 crocodiles
  8 hydra simulacra (IceCv)
  14 porcupines
  3 iron troll simulacra (IceCv)
  12 water moccasins
  4 sky beasts
  A lindwurm zombie (Crypt:2)
  9 orc warriors
  4 ice beasts
  2 slaves (D:9)
  2 black bears
  6 wasps
  3 phantoms
  7 centaurs
  A necrophage (Crypt:1)
  7 wolves
  39 ogres
  A lindwurm skeleton (Crypt:3)
  A hog skeleton (Crypt:2)
  A big kobold (D:10)
  16 giant frogs
  An earth elemental (Elf:1)
  2 elf zombies (Elf:1)
  A gnoll sergeant (D:13)
  A dryad skeleton (Crypt:1)
  6 human skeletons (Vaults:3)
  A draconian skeleton (Crypt:1)
  2 wyvern skeletons
  A water moccasin zombie (D:8)
  8 scorpions
  A water moccasin skeleton (D:5)
  7 killer bees
  A swamp dragon simulacrum (IceCv)
  9 wights
  5 howler monkeys
  5 electric eels
  11 crimson imps
  2 jellies
  2 giant frog zombies
  2 quasits
  An iron imp (WizLab)
  12 hounds
  5 orc priests
  2 giant frog skeletons
  4 human simulacra
  A basilisk zombie (Crypt:1)
  11 orc wizards
  2 centaur skeletons
  6 iguanas
  Jessica (D:3)
  4 hell rats (Lair:5)
  A spriggan simulacrum (IceCv)
  5 troll simulacra (IceCv)
  2 worker ants
  A wolf simulacrum (IceCv)
  A killer bee zombie (D:8)
  12 sheep
  2 centaur simulacra (IceCv)
  A deep dwarf skeleton (Crypt:2)
  A felid zombie (Crypt:1)
  A dwarf skeleton (Crypt:1)
  4 mummies (Crypt:3)
  A hell rat zombie (Crypt:2)
  2 howler monkey skeletons
  A worker ant zombie (D:9)
  10 adders
  6 gnolls
  A hell rat skeleton (Crypt:3)
  2 naga simulacra (IceCv)
  37 river rats
  4 ogre simulacra
  A white imp (IceCv)
  12 ufetubi (IceCv)
  2 oozes
  3 adder skeletons
  An adder zombie (D:9)
  4 worms
  A dart slug (D:1)
  A giant gecko (D:1)
  32 orcs
  11 giant cockroaches
  6 goblins
  7 hobgoblins
  13 jackals
  10 kobolds
  5 quokkas
  7 bats
  2 giant gecko skeletons
  5 giant newts
  A hobgoblin skeleton (Crypt:3)
  2 jackal zombies
  A quokka skeleton (D:8)
  5 rats
  A rat skeleton (Crypt:1)
  5 crawling corpses (Elf:3)
  8 fungi
  21 plants
  6 tentacles
1270 creatures vanquished.

Vanquished Creatures (collateral kills)
  Boris (Crypt:2)
  A greater mummy (Crypt:3)
  Frederick (Vaults:3)
  Jory (Crypt:1)
  Xtahua (Crypt:2)
  A deep elf blademaster (Elf:3)
  A deep elf master archer (Elf:3)
  A kraken (Shoals:3)
  2 sphinxes
  2 deep elf sorcerers (Elf:3)
  Wiglaf (Crypt:2)
  Ilsuiw (Shoals:4)
  A frost giant (Vaults:3)
  2 caustic shrike zombies (Crypt:2)
  An emperor scorpion (Spider:4)
  3 vault wardens
  A curse skull (Crypt:2)
  5 ghouls
  A very ugly thing (Vaults:4)
  3 stone giants
  6 ironheart preservers
  A vampire knight (Crypt:2)
  A deep elf demonologist (Elf:3)
  A spark wasp (Spider:3)
  4 deep elf annihilators (Elf:3)
  An eidolon (Crypt:2)
  3 merfolk javelineers (Shoals:4)
  6 deep elf death magi
  An ettin (Vaults:2)
  3 merfolk impalers (Shoals:4)
  2 vault guards
  A deep elf high priest (Elf:3)
  2 yaktaur captains
  3 jiangshi (Crypt:1)
  A great orb of eyes (Vaults:1)
  2 hydras (Lair:8)
  4 centaur warriors
  2 satyrs
  3 ogre magi
  A death knight (Vaults:2)
  2 merfolk aquamancers (Shoals:4)
  2 deep troll shamans (Vaults:2)
  2 vampire magi
  15 dancing weapons
  6 death yaks
  6 deep trolls
  13 deep elf knights
  3 skeletal warriors
  2 shadow wraiths
  A storm dragon skeleton (Vaults:3)
  2 unseen horrors (Vaults:1)
  3 flayed ghosts
  4 sea snakes
  A ghost moth zombie (Crypt:2)
  6 hill giants
  3 harpies
  13 deep elf archers
  9 ironbrand convokers
  2 phantasmal warriors
  3 necromancers
  12 orb spiders
  2 orc sorcerers (Orc:2)
  41 deep elf magi
  9 ugly things
  17 wolf spiders
  8 griffons
  6 fauns
  4 orc knights
  A cyclops (D:11)
  4 manticores
  10 slime creatures (Vaults:2)
  4 hornets
  A sphinx skeleton (Vaults:3)
  19 elephants
  2 moths of wrath
  A black mamba (Lair:3)
  A centaur zombie (D:14)
  A frost giant skeleton (Crypt:1)
  A stone giant skeleton (Vaults:3)
  An orange demon (Lair:8)
  5 vault sentinels
  A kobold demonologist (Vaults:1)
  A centaur skeleton (D:11)
  11 spiny frogs
  A rime drake (Lair:3)
  11 yaktaurs
  4 komodo dragons
  An efreet (D:13)
  3 freezing wraiths
  4 ice devils (Lair:8)
  10 demonic crawlers
  A hellwing (Lair:8)
  6 merfolk
  2 jumping spiders (shapeshifter) (Vaults:2)
  A polar bear (Lair:8)
  20 jumping spiders
  A minotaur skeleton (Crypt:2)
  2 blink frogs
  3 boulder beetles
  2 bog bodies (Crypt:2)
  6 snapping turtles
  3 yaks
  5 flying skulls
  3 wraiths
  33 redbacks
  2 water elementals
  A fire elemental (Elf:2)
  An ettin skeleton (Vaults:3)
  6 tarantellas
  A wyvern (D:11)
  A hungry ghost (D:13)
  5 hippogriffs
  2 basilisks
  10 vampire mosquitoes
  A yaktaur simulacrum (Vaults:1)
  A large abomination (Elf:1)
  A naga (shapeshifter) (Vaults:2)
  2 wargs
  A soldier ant (D:12)
  A hell hound (Lair:8)
  7 porcupines
  9 water moccasins
  13 orc warriors
  A black bear (D:13)
  A necrophage (D:11)
  An elf zombie (Vaults:3)
  An eye of draining (D:9)
  9 ogres
  10 wolves
  An eye of draining (shapeshifter) (Vaults:3)
  11 crocodiles
  A centaur (Vaults:1)
  A komodo dragon zombie (Crypt:1)
  6 giant frogs
  A jelly (D:9)
  3 earth elementals
  2 killer bees
  An electric eel (D:8)
  A howler monkey (D:12)
  A crimson imp (D:9)
  A human simulacrum (Vaults:2)
  A demonspawn zombie (Crypt:2)
  5 orc priests
  A giant frog skeleton (D:11)
  11 orc wizards
  3 worker ants
  A killer bee zombie (D:11)
  7 sheep
  A hell rat zombie (Crypt:1)
  24 river rats
  An adder skeleton (D:9)
  12 orcs
  A jackal (D:10)
  A kobold (Vaults:1)
  4 crawling corpses (Elf:3)
  14 fungi
  A lost soul (Crypt:1)
  24 plants
692 creatures vanquished.

Vanquished Creatures (others)
  8 orc warlords
  A deep elf elementalist (Elf:3)
  An orc high priest (Shoals:1)
  15 orc knights
  A rakshasa (Vaults:2)
  A deep troll earth mage (Vaults:2)
  A deep elf knight (Elf:3)
  5 deep elf archers
  A deep elf mage (Elf:3)
  4 orc sorcerers
  A flying skull (Crypt:2)
  2 redbacks
  20 orc priests
  23 orc warriors
  2 slaves (D:9)
  22 orc wizards
  A centaur (Vaults:4)
  40 orcs
  A rat (D:3)
  4263 eldritch tentacle segments (WizLab)
  60 fungi
  A lurking horror (WizLab)
  29 plants
  5 tentacles (Shoals:1)
  276 tentacle segments
4784 creatures vanquished.

Grand Total: 6746 creatures vanquished

Notes
Turn   | Place    | Note
--------------------------------------------------------------
     0 | D:1      | dvd the Hill Orc Gladiator began the quest for the Orb.
     0 | D:1      | Reached XP level 1. HP: 18/18 MP: 1/1
   224 | D:1      | Reached XP level 2. HP: 24/25 MP: 2/2
   708 | D:1      | Reached XP level 3. HP: 30/30 MP: 3/3
  1522 | D:2      | Reached XP level 4. HP: 38/38 MP: 4/4
  1710 | D:3      | Became a worshipper of Beogh the Brigand
  1756 | D:3      | Reached skill level 5 in Axes
  1807 | D:3      | Reached skill level 1 in Armour
  2059 | D:3      | Noticed Jessica
  2067 | D:3      | Killed Jessica
  2067 | D:3      | Reached XP level 5. HP: 28/45 MP: 5/5
  2462 | D:4      | Noticed CcS's ghost (novice GrVM)
  2804 | D:3      | Gained mutation: You passively map a small area around you. [potion of mutation]
  2804 | D:3      | Gained mutation: You possess an exceptional clarity of mind. [potion of mutation]
  2804 | D:3      | Gained mutation: Your spells are a little harder to cast, but a little more powerful. [potion of mutation]
  3160 | D:4      | Noticed Eustachio
  3238 | D:4      | Killed Eustachio
  3238 | D:4      | Reached XP level 6. HP: 19/53 MP: 6/6
  3293 | D:4      | Noticed a phantom
  3515 | D:4      | Killed a phantom
  3515 | D:4      | Reached XP level 7. HP: 48/60 MP: 7/7
  3555 | D:4      | Reached skill level 6 in Axes
  3654 | D:4      | Found a staircase to the Ecumenical Temple.
  3659 | Temple   | Entered the Ecumenical Temple
  3902 | D:4      | Found Reghuit's Armour Shoppe.
  3983 | D:5      | Entered Level 5 of the Dungeon
  4019 | D:5      | Reached skill level 5 in Fighting
  4024 | D:5      | Reached * piety under Beogh
  4052 | D:5      | HP: 1/61 [iguana (9)]
  4060 | D:5      | HP: 3/61 [iguana (8)]
  4352 | D:5      | Found Lilesoil's Antique Armour Emporium.
  4417 | D:5      | Found a sacrificial altar of Ru.
  4460 | D:5      | Reached skill level 1 in Stealth
  4518 | D:5      | Reached XP level 8. HP: 28/70 MP: 8/8
  4580 | D:5      | Noticed Prince Ribbit
  4662 | D:5      | Reached skill level 7 in Axes
  4789 | D:5      | Found Vonoiw's Antique Weapon Boutique.
  4830 | D:5      | Found Focots's Assorted Antiques.
  4893 | D:5      | Found a white marble altar of Elyvilon.
  4899 | D:5      | Noticed Menkaure
  4909 | D:5      | Killed Menkaure
  5138 | D:5      | Found Hog Fyri's Magic Scroll Shop.
  5448 | D:5      | Killed Prince Ribbit
  5448 | D:5      | Reached skill level 8 in Axes
  5448 | D:5      | Reached skill level 5 in Armour
  5554 | D:5      | Found Vallass's Food Boutique.
  5832 | D:5      | Reached XP level 9. HP: 70/78 MP: 9/9
  5986 | D:4      | Killed CcS's ghost
  6069 | D:6      | Found Ezihair's General Store.
  6262 | D:6      | Reached ** piety under Beogh
  6756 | D:6      | Reached skill level 5 in Dodging
  6801 | D:6      | Reached skill level 9 in Axes
  7494 | D:7      | Reached XP level 10. HP: 50/88 MP: 10/10
  7679 | D:7      | Reached skill level 10 in Axes
  8403 | D:8      | Reached *** piety under Beogh
  8543 | D:8      | Found Dufreuj's Antique Armour Boutique.
  8613 | D:8      | Noticed Psyche
  8946 | D:8      | Killed Psyche
  9376 | D:9      | Reached skill level 11 in Axes
  9745 | D:9      | Reached XP level 11. HP: 38/97 MP: 11/11
 10247 | D:9      | Gained mutation: You have a pair of small horns on your head. [potion of beneficial mutation]
 10569 | D:9      | Found an ancient bone altar of Kikubaaqudgha.
 10618 | D:9      | Noticed Pikel
 10633 | D:9      | Killed Pikel
 10876 | D:9      | Reached skill level 12 in Axes
 11044 | D:9      | Found a deep blue altar of Sif Muna.
 11069 | D:9      | Identified Sif Muna's Disquisition on Curses
 11071 | D:10     | Entered Level 10 of the Dungeon
 11248 | D:9      | Reached skill level 10 in Fighting
 11250 | D:9      | Reached **** piety under Beogh
 11253 | D:9      | Reached skill level 5 in Throwing
 11528 | D:10     | Lost mutation: You passively map a small area around you. [potion of cure mutation]
 11528 | D:10     | Lost mutation: You possess an exceptional clarity of mind. [potion of cure mutation]
 11528 | D:10     | Lost mutation: Your spells are a little harder to cast, but a little more powerful. [potion of cure mutation]
 11528 | D:10     | Lost mutation: You have a pair of small horns on your head. [potion of cure mutation]
 11773 | D:10     | Found Zyqasel's Jewellery Boutique.
 12160 | D:10     | Noticed a hill giant
 12169 | D:10     | Killed a hill giant
 12322 | D:10     | Reached skill level 1 in Invocations
 12435 | D:11     | Noticed Maud
 12446 | D:11     | Killed Maud
 12552 | D:11     | Noticed a red ugly thing
 12561 | D:11     | Killed a red ugly thing
 12809 | D:11     | Noticed a cyclops
 12818 | D:11     | Killed a cyclops
 12844 | D:11     | Noticed a green ugly thing
 12849 | D:11     | Killed a green ugly thing
 13179 | D:11     | Reached skill level 13 in Axes
 13259 | D:11     | Noticed a white ugly thing
 13267 | D:11     | Killed a white ugly thing
 13393 | D:11     | Noticed Harold
 13408 | D:11     | Killed Harold
 13408 | D:11     | Reached XP level 12. HP: 71/108 MP: 4/14
 13598 | D:11     | Found a staircase to the Orcish Mines.
 13712 | D:11     | Reached skill level 1 in Maces & Flails
 13781 | D:11     | Noticed a centaur warrior
 13787 | D:11     | Killed a centaur warrior
 13999 | D:4      | Bought the +1 scale mail of Quavaugg {-Cast rElec rC+ Dex+4} for 376 gold pieces
 14099 | D:8      | Found a staircase to the Lair.
 14286 | Lair:1   | Entered Level 1 of the Lair of Beasts
 14347 | Lair:1   | Noticed a six-headed hydra
 14357 | Lair:1   | Killed a six-headed hydra
 16562 | Lair:2   | Reached skill level 10 in Armour
 17264 | Lair:3   | Reached skill level 5 in Maces & Flails
 17533 | Lair:3   | Reached XP level 13. HP: 98/117 MP: 16/16
 17668 | Lair:3   | Reached ***** piety under Beogh
 17753 | Lair:3   | Found a shimmering altar of Xom.
 18216 | Lair:4   | Gained Boldo as an ally
 18314 | Lair:4   | Reached skill level 5 in Invocations
 18942 | Lair:5   | Found a hole to the Spider Nest.
 19373 | Lair:5   | Found a staircase to the Shoals.
 20113 | Lair:6   | Found a staircase to the Slime Pits.
 20114 | Lair:6   | Found a viscous altar of Jiyva.
 20884 | Lair:7   | Gained Borgun as an ally
 20997 | Lair:7   | Gained Wargrak as an ally
 21337 | Lair:7   | Reached XP level 14. HP: 113/129 MP: 16/18
 21340 | Lair:7   | Reached skill level 14 in Axes
 22012 | Lair:8   | Entered Level 8 of the Lair of Beasts
 22085 | Lair:8   | Reached skill level 1 in Shields
 22224 | Lair:8   | Your ally Wargrak died
 22802 | Lair:8   | Reached ****** piety under Beogh
 23088 | Lair:8   | Found a burning altar of Makhleb.
 23106 | Lair:8   | Reached skill level 15 in Axes
 23112 | Lair:8   | Found a gateway to Hell.
 24089 | Orc:1    | Entered Level 1 of the Orcish Mines
 24092 | Orc:1    | Found a roughly hewn altar of Beogh.
 24463 | D:12     | Got a pair of faintly humming boots
 24469 | D:12     | Identified the +1 pair of boots "Ystrokana" {Str+3 Int+5 Dex+4} (You found it on level 12 of the Dungeon)
 24599 | D:12     | Found an opulent altar of Gozag.
 25010 | D:13     | Gained Worak as an ally
 25278 | D:13     | Gained Wulfoc as an ally
 25575 | D:13     | Noticed a red very ugly thing
 25588 | D:13     | Killed a red very ugly thing
 25588 | D:13     | Reached XP level 15. HP: 122/139 MP: 19/19
 25592 | D:13     | Your ally Borgun died
 25604 | D:13     | Your ally Wulfoc died
 25634 | D:13     | Reached skill level 5 in Shields
 25634 | D:13     | Reached skill level 1 in Evocations
 25644 | D:13     | Found a gate to the Vaults.
 25955 | D:14     | Found Vovuoz's Magic Scroll Shop.
 26012 | D:14     | Found Jontecof's Antique Weapon Emporium.
 26021 | D:14     | Bought a bloodstained battleaxe for 437 gold pieces
 26026 | D:14     | Identified the +7 battleaxe of the Abyss {drain, rElec MR+ Dex+4} (You bought it in a shop on level 14 of the Dungeon)
 26391 | D:14     | Found Poclomot's Armour Shoppe.
 26517 | D:14     | Found Lenegara's Magic Scroll Emporium.
 26915 | Spider:1 | Entered Level 1 of the Spider Nest
 26945 | Spider:1 | Found a frozen archway.
 26949 | IceCv    | Entered an ice cave
 27520 | IceCv    | Reached skill level 5 in Stealth
 27905 | IceCv    | Gained Bolgrim as an ally
 28002 | IceCv    | Your ally Bolgrim died
 28009 | IceCv    | Reached skill level 16 in Axes
 29427 | Spider:1 | Reached skill level 15 in Fighting
 29730 | Spider:1 | Gained Wulfoc as an ally
 29898 | Spider:2 | Got a jewelled helmet
 29909 | Spider:2 | Identified the cursed +0 helmet of the Loofah {rCorr} (You found it on level 2 of the Spider Nest)
 30590 | Spider:3 | Noticed an emperor scorpion
 30597 | Spider:3 | Killed an emperor scorpion
 30637 | Spider:3 | Reached XP level 16. HP: 143/149 MP: 20/20
 30645 | Spider:3 | Reached skill level 17 in Axes
 30656 | Spider:3 | Noticed Liquid's ghost (adept HEHu)
 30657 | Spider:3 | Gained Zorug as an ally
 30677 | Spider:3 | Your ally Wulfoc died
 30680 | Spider:3 | Killed Liquid's ghost
 30982 | Spider:4 | Entered Level 4 of the Spider Nest
 31040 | Spider:4 | Your ally Zorug died
 32125 | Spider:4 | Gained mutation: You have a pair of small horns on your head. [potion of mutation]
 32125 | Spider:4 | Gained mutation: You have very sharp teeth. [potion of mutation]
 32126 | Spider:4 | Gained mutation: You are dopey. (Int -2) [potion of mutation]
 32126 | Spider:4 | Gained mutation: You are weak. (Str -2) [potion of mutation]
 32126 | Spider:4 | Lost mutation: You are dopey. (Int -2) [potion of mutation]
 32127 | Spider:4 | Lost mutation: You are weak. (Str -2) [potion of cure mutation]
 32127 | Spider:4 | Lost mutation: You have a pair of small horns on your head. [potion of cure mutation]
 32127 | Spider:4 | Lost mutation: You have very sharp teeth. [potion of cure mutation]
 32436 | Spider:4 | Reached skill level 18 in Axes
 32630 | Spider:4 | Got a gossamer rune of Zot
 33421 | Orc:2    | Entered Level 2 of the Orcish Mines
 33423 | Orc:2    | Found a labyrinth entrance.
 33425 | Orc:2    | Found a staircase to the Elven Halls.
 33436 | Lab      | Entered a labyrinth
 34717 | Lab      | Got a steaming steel amulet
 34718 | Lab      | Identified the amulet "Enios" {Harm *Drain Int+2 Dex+4 Stlth+} (You found it in a labyrinth)
 34724 | Lab      | Got a transparent falchion
 34725 | Lab      | Identified the +5 falchion "Teihen" {venom, Int+7} (You found it in a labyrinth)
 34737 | Lab      | Identified the Collected Works on Clay and the Oath (You found it in a labyrinth)
 34911 | Orc:2    | Found Zuma's Gadget Shoppe.
 34911 | Orc:2    | Found Asipneck's Antique Armour Boutique.
 35322 | Orc:2    | Noticed junkhipster's ghost (journeyman DDFi)
 35335 | Orc:2    | Killed junkhipster's ghost
 35338 | Orc:2    | Found Paerph's Food Shoppe.
 35338 | Orc:2    | Found Sarou's Antique Weapon Emporium.
 35340 | Orc:2    | Found Nog Zadd's Food Emporium.
 35347 | Orc:2    | Found Gucaruyg's Armour Shoppe.
 35442 | Elf:1    | Entered Level 1 of the Elven Halls
 35451 | Elf:1    | Gained Wargath as an ally
 35455 | Elf:1    | Your ally Wargath died
 35479 | Elf:1    | Noticed Donald
 35485 | Elf:1    | Reached XP level 17. HP: 136/160 MP: 19/22
 35487 | Elf:1    | Killed Donald
 35610 | Elf:1    | Reached skill level 19 in Axes
 36408 | Elf:1    | Reached skill level 10 in Maces & Flails
 36469 | Elf:1    | Identified the Tome of Black Rites (You found it on level 1 of the Elven Halls)
 36474 | Elf:1    | Learned a level 3 spell: Regeneration
 36978 | Elf:2    | Gained Warrok as an ally
 37275 | Elf:2    | Got a steaming ring mail
 37286 | Elf:2    | Identified the +3 ring mail of a volcano {Regen+ rCorr Int-3 Dex+4} (You found it on level 2 of the Elven Halls)
 37336 | Elf:2    | Found a runed gate.
 37336 | Elf:2    | Found a runed gate.
 37615 | Elf:2    | Found a runed gate.
 37781 | Elf:2    | Found Qotyod's Food Emporium.
 37796 | Elf:2    | Got a scorched leather armour
 37807 | Elf:2    | Identified the cursed +0 leather armour of Space {rC+++ MR- Int-4 SInv} (You found it on level 2 of the Elven Halls)
 38050 | Elf:2    | Gained Bogric as an ally
 38061 | Elf:2    | Reached skill level 20 in Axes
 38680 | Elf:2    | Your ally Bogric died
 38816 | Elf:3    | Entered Level 3 of the Elven Halls
 38822 | Elf:3    | Your ally Worak died
 38952 | Elf:3    | Reached XP level 18. HP: 134/171 MP: 23/23
 39043 | Elf:3    | Your ally Wargath died
 40280 | Elf:3    | Noticed a deep elf master archer
 40285 | Elf:3    | Your ally Worak died
 40295 | Elf:3    | Killed a deep elf master archer
 40300 | Elf:3    | Noticed a deep elf blademaster
 40306 | Elf:3    | Your ally Borgun died
 40308 | Elf:3    | Killed a deep elf blademaster
 40338 | Elf:3    | Reached skill level 21 in Axes
 40344 | Elf:3    | Your ally Wulfoc died
 40349 | Elf:3    | Noticed a deep elf blademaster
 40534 | Elf:3    | Killed a deep elf blademaster
 40543 | Elf:3    | Reached skill level 15 in Armour
 40675 | Elf:3    | Noticed Nikola
 40690 | Elf:3    | Killed Nikola
 41138 | Elf:3    | Noticed a deep elf master archer
 41148 | Elf:3    | Your ally Boldo died
 41159 | Elf:3    | Killed a deep elf master archer
 41216 | Elf:3    | Gained Orkrul as an ally
 41690 | Elf:3    | Identified Huaryiph's Volume of Clay and the Compass (You found it on level 3 of the Elven Halls)
 41706 | Elf:3    | Identified the Almanac of Dark Air
 41808 | Elf:3    | Got a twisted ring mail
 41819 | Elf:3    | Identified the cursed +1 ring mail of Shadows and Fog {rPois rCorr Str+2 Stlth+} (You took it off a deep elf master archer on level 3 of the Elven Halls)
 41842 | Elf:3    | Got a slimy scimitar {drain}
 41843 | Elf:3    | Identified the +4 scimitar "Zaosch" {drain, rF+ rC+ Dex+3} (You took it off a deep elf demonologist on level 3 of the Elven Halls)
 42343 | Shoals:1 | Entered Level 1 of the Shoals
 42351 | Shoals:1 | Found a runed door.
 42403 | Shoals:1 | Reached XP level 19. HP: 181/181 MP: 25/25
 42547 | Shoals:1 | Got a pair of warped gloves
 42553 | Shoals:1 | Identified the +2 pair of gloves of Gehenna {rF+ rC+ MR-} (You found it on level 1 of the Shoals)
 42590 | Shoals:1 | Reached skill level 22 in Axes
 42634 | Shoals:1 | Noticed Roxanne
 42652 | Shoals:1 | Killed Roxanne
 43156 | Shoals:1 | Your ally Warrok died
 43626 | Shoals:2 | Gained Borgoth as an ally
 44345 | Shoals:3 | Gained mutation: Your system is resistant to poisons. [potion of beneficial mutation]
 44675 | Shoals:3 | Found a sacrificial altar of Ru.
 44918 | Shoals:3 | Noticed Louise
 44926 | Shoals:3 | Killed Louise
 45049 | Shoals:3 | Noticed Mara
 45065 | Shoals:3 | Killed Mara
 45119 | Shoals:4 | Entered Level 4 of the Shoals
 45204 | Shoals:4 | Gained Marbaugh as an ally
 45208 | Shoals:4 | Gained Nordag as an ally
 45218 | Shoals:4 | Noticed Ilsuiw
 45236 | Shoals:4 | Killed Ilsuiw
 45508 | Shoals:4 | Reached skill level 23 in Axes
 45604 | Shoals:3 | Your ally Borgoth died
 45976 | Orc:2    | Found Josh's Magic Scroll Emporium.
 46062 | Orc:2    | Found a roughly hewn altar of Beogh.
 46438 | Shoals:4 | Gained Borgoth as an ally
 46601 | Shoals:4 | Reached XP level 20. HP: 191/191 MP: 27/27
 46930 | Shoals:4 | Got a barnacled rune of Zot
 46988 | Shoals:4 | Identified a +4 rod of clouds (14/14) (You took it off a siren on level 4 of the Shoals)
 47476 | Vaults:1 | Entered Level 1 of the Vaults
 47755 | Vaults:1 | Got a faintly glowing chain mail
 47766 | Vaults:1 | Identified the +1 chain mail of Tyblipeg {Str+2 Dex+6} (You found it on level 1 of the Vaults)
 48318 | Vaults:1 | Found Xoirchyvi's Food Shop.
 48710 | Vaults:1 | Upgraded the game from 0.18.1-8-gdd0e5ea to 0.18.1-47-g9310371
 48775 | Vaults:1 | Noticed Jorgrun
 48790 | Vaults:1 | Killed Jorgrun
 49376 | Vaults:2 | Gained Bogdan as an ally
 49381 | Vaults:2 | Reached skill level 24 in Axes
 49506 | Vaults:2 | Found Hueh's Jewellery Shop.
 49531 | Vaults:2 | Bought a cursed +2 amulet of reflection for 286 gold pieces
 49570 | Vaults:2 | Your ally Borgoth died
 50750 | D:10     | Bought the ring "Ytosilat" {*Confuse rN+ MP+9 SInv Stlth+} for 423 gold pieces
 51048 | Vaults:2 | Reached skill level 10 in Invocations
 51192 | Vaults:2 | Reached skill level 10 in Dodging
 51192 | Vaults:2 | Reached XP level 21. HP: 179/202 MP: 28/28
 52026 | Vaults:3 | Found a magical portal.
 52035 | WizLab   | Entered The Roulette of Golubria
 52155 | WizLab   | Found a corrupted altar of Lugonu.
 53131 | WizLab   | Reached skill level 25 in Axes
 53139 | WizLab   | Got a scorched cloak
 53150 | WizLab   | Identified the -5 cloak of the Game of Kings {*Drain rElec rF+++ Dex-3} (You found it in a wizard's laboratory)
 53161 | WizLab   | Got a scorched cloak
 53172 | WizLab   | Identified the +4 cloak of Hugocoun {rPois rN+} (You found it in a wizard's laboratory)
 53182 | WizLab   | Got a slimy cloak
 53193 | WizLab   | Identified the +2 cloak of Divine Compulsion {+Fly Str+3} (You found it in a wizard's laboratory)
 53471 | WizLab   | Got a serpentine brass ring
 53473 | WizLab   | Identified the ring "Laptom" {MR+ Int+5} (You found it in a wizard's laboratory)
 54421 | Vaults:3 | Noticed Frederick
 54425 | Vaults:3 | Killed Frederick
 54819 | Vaults:3 | Your ally Bogdan died
 55133 | Vaults:3 | Found Usewkon's Assorted Antiques.
 55436 | Vaults:3 | Found a staircase to the Crypt.
 55852 | Vaults:3 | Reached skill level 26 in Axes
 56035 | Vaults:4 | Gained Ognian as an ally
 56289 | Vaults:4 | Reached XP level 22. HP: 213/213 MP: 29/29
 57295 | Crypt:1  | Entered Level 1 of the Crypt
 57495 | Crypt:1  | Gained mutation: You evolve. [potion of beneficial mutation]
 57565 | Crypt:1  | Noticed Mennas
 57584 | Crypt:1  | Killed Mennas
 57877 | Crypt:1  | Noticed Jory
 57890 | Crypt:1  | Killed Jory
 58181 | Crypt:2  | Noticed Xtahua
 58189 | Crypt:2  | Killed Xtahua
 58456 | Crypt:2  | Noticed Wiglaf
 58464 | Crypt:2  | Killed Wiglaf
 58778 | Crypt:2  | Noticed Boris
 58785 | Crypt:2  | Killed Boris
 59036 | Crypt:3  | Entered Level 3 of the Crypt
 59173 | Crypt:3  | Noticed Khufu
 59173 | Crypt:3  | Noticed a greater mummy
 59173 | Crypt:3  | Noticed a greater mummy
 59173 | Crypt:3  | Noticed a greater mummy
 59187 | Crypt:3  | Your ally Borgoth died
 59188 | Crypt:3  | Killed a greater mummy
 59190 | Crypt:3  | Killed a greater mummy
 59194 | Crypt:3  | Your ally Marbaugh died
 59207 | Crypt:3  | Your ally Borgoth died
 59210 | Crypt:3  | Killed a greater mummy
 59450 | Crypt:2  | HP: 4/217 [jiangshi[a vampire mage] (10)]
 59450 | Crypt:2  | Slain by a ghoul

Skill      XL: |  1  2  3  4  5  6  7  8  9 10 11 12 13 14 15 16 17 18 19 20 21 22 |
---------------+-------------------------------------------------------------------+-----
Throwing       | 2 3 4 5 6 7 |  7.3
Fighting       | 3 4 5 6 8 9 10 11 13 14 15 16 17 18 19 20 21 22 | 22.8
Axes           | 5 6 8 9 11 13 15 16 18 20 21 23 24 26 | 26.4
Armour         | 1 3 4 5 6 8 9 10 11 12 13 14 15 16 | 16.2
Dodging        | 3 4 5 6 7 8 9 10 | 10.7
Stealth        | 1 2 3 4 5 6 7 8 |  8.0
Invocations    | 2 4 5 6 7 8 9 10 12 | 12.0
Maces & Flails | 6 9 10 | 10.2
Shields        | 4 5 6 |  6.0
Evocations     | 1 2 3 |  3.3

Action                   |  1- 3 |  4- 6 |  7- 9 | 10-12 | 13-15 | 16-18 | 19-21 | 22-24 || total
-------------------------+-------+-------+-------+-------+-------+-------+-------+-------++-------
Melee: War axe           |    83 |   171 |   402 |   417 |   385 |     6 |       |       ||  1464
       Headbutt          |       |       |       |    17 |       |       |       |       ||    17
       Eveningstar       |       |       |       |   206 |   242 |    20 |       |       ||   468
       Battleaxe         |       |       |       |       |   318 |   639 |  1106 |   278 ||  2341
Throw: Tomahawk          |    10 |    15 |    39 |     5 |       |     1 |     2 |       ||    72
       Throwing net      |     3 |       |    12 |       |       |       |       |       ||    15
       Javelin           |       |       |     7 |    29 |     8 |    20 |    27 |     8 ||    99
Invok: Convert to Beogh  |       |     1 |       |       |       |       |       |       ||     1
       Smiting           |       |       |       |    11 |    10 |    10 |     1 |       ||    32
       Recall Orcish Fol |       |       |       |     5 |    24 |    46 |    44 |    10 ||   129
       Give Item to Name |       |       |       |       |     6 |     4 |     6 |       ||    16
       Resurrection      |       |       |       |       |     1 |     3 |     4 |       ||     8
       Stop Recall       |       |       |       |       |       |     1 |       |       ||     1
Evoke: Wand              |       |       |       |       |    11 |     8 |     7 |       ||    26
  Use: Potion            |       |     1 |     7 |    10 |    12 |     8 |     3 |     8 ||    49
       Scroll            |       |     1 |    13 |    16 |    14 |    16 |     8 |     2 ||    70
 Stab: Held in net/web   |       |       |     1 |       |       |       |       |       ||     1
       Distracted        |       |       |       |     3 |    12 |    15 |    27 |     5 ||    62
       Sleeping          |       |       |       |     1 |     1 |       |     8 |     2 ||    12
       Fleeing           |       |       |       |       |     1 |       |       |       ||     1
       Confused          |       |       |       |       |       |     1 |       |       ||     1
       Paralysed         |       |       |       |       |       |     1 |       |       ||     1
       Invisible         |       |       |       |       |       |       |     1 |       ||     1
  Eat: Chunk             |     2 |     3 |     5 |    31 |    31 |    15 |    32 |     5 ||   124
       Beef jerky        |       |     1 |       |     1 |     5 |    11 |       |     3 ||    21
       Royal jelly       |       |     1 |     2 |       |     1 |       |     1 |       ||     5
       Bread ration      |       |       |     1 |       |       |     1 |       |       ||     2
       Pizza             |       |       |       |     1 |     3 |       |     1 |     1 ||     6
       Fruit             |       |       |       |       |     1 |     1 |     2 |       ||     4
       Meat ration       |       |       |       |       |       |     2 |     2 |       ||     4
Armor: Leather armour    |     4 |     3 |    15 |       |       |       |       |       ||    22
       Chain mail        |    53 |   194 |       |       |       |       |   153 |   110 ||   510
       Scale mail        |       |       |   152 |   198 |    66 |       |       |       ||   416
       Skin              |       |       |       |    33 |       |       |       |       ||    33
       Plate armour      |       |       |       |   121 |   514 |   360 |    98 |       ||  1093
       Ring mail         |       |       |       |       |       |       |    74 |       ||    74
Dodge: Dodged            |    37 |   116 |   259 |   402 |   654 |   563 |  1117 |   219 ||  3367
Block: Shield            |       |       |       |       |   185 |    11 |       |       ||   196
       Reflection        |       |       |       |       |       |     4 |     4 |     2 ||    10
       Other             |       |       |       |       |       |       |    29 |    15 ||    44
